[Event "BAN-chT Golden Jubilee 2021-22"]
[Site "Dhaka"]
[Date "2022.03.11"]
[Round "2.1"]
[White "Murshed, Niaz"]
[Black "Abu Sufian, Shakil"]
[Result "1-0"]
[ECO "D38"]
[WhiteElo "2418"]
[BlackElo "2232"]
[Annotator "ChessBase"]
[PlyCount "129"]
[EventDate "2022.03.10"]
[EventType "team-tourn"]
[EventCountry "BAN"]
[SourceTitle "playchess.com"]
[Source "ChessBase"]
[SourceQuality "1"]
[TimeControl "40/5400+30:1800+30"]

1. c4 Nf6 2. Nc3 e6 3. d4 Bb4 4. Nf3 d5 5. Qa4+ Nc6 6. e3 O-O 7. Bd2 dxc4 8. Bxc4 Bd6 9. Qc2 e5 10. d5 Ne7 11. e4 Bg4 12. Be2 c6 13. h3 Bh5 14. Bg5 cxd5 15. exd5 Qa5 16. Bxf6 gxf6 17. O-O Bg6 18. Qb3 Qb4 19. Bc4 Rac8 20. Nd2 Rfd8 21. a3 Qxb3 22. Bxb3 Nf5 23. Nde4 Nd4 24. Bd1 f5 25. Nxd6 Rxd6 26. f4 f6 27. Re1 Re8 28. Ba4 Re7 29. Rad1 Kf8 30. Rd3 Bf7 31. Rde3 Bxd5 32. fxe5 fxe5 33. Rxe5 Rxe5 34. Rxe5 Be6 35. Kf2 Kf7 36. Rc5 Nc6 37. Ke3 Bd7 38. Bb3+ Ke8 39. Nb5 Rg6 40. Bd5 b6 41. Rc2 Ne7 42. Nc7+ Kd8 43. Bf3 Nc6 44. Nb5 Re6+ 45. Kf4 a6 46. Bxc6 Rxc6 47. Nd4 Rf6 48. Ke5 Rf8 49. Ne6+ Bxe6 50. Kxe6 f4 51. Rf2 Kc7 52. Ke5 Kc6 53. Ke4 Kc5 54. Rxf4 Rxf4+ 55. Kxf4 Kc4 56. g4 Kb3 57. g5 Kxb2 58. h4 Kxa3 59. h5 b5 60. g6 hxg6 61. h6 b4 62. h7 b3 63. h8=Q b2 64. Qc3+ Ka2 65. Qc4+ 1-0

[Event "BAN-chT Golden Jubilee 2021-22"]
[Site "Dhaka"]
[Date "2022.03.12"]
[Round "3.4"]
[White "Reefat, Bin-Sattar"]
[Black "Ikramul, Haq Siam"]
[Result "1-0"]
[ECO "C02"]
[WhiteElo "2371"]
[BlackElo "2075"]
[Annotator "RC"]
[PlyCount "95"]
[EventDate "2022.03.10"]
[EventType "team-tourn"]
[EventCountry "BAN"]
[SourceTitle "playchess.com"]
[Source "ChessBase"]
[SourceQuality "1"]
[TimeControl "40/5400+30:1800+30"]

1. e4 e6 2. d4 d5 3. e5 c5 4. c3 Qb6 5. Nf3 Nc6 6. a3 Bd7 7. b4 cxd4 8. cxd4 Rc8 9. Be3 Nh6 10. Bd3 Ng4 11. O-O Nxe3 12. fxe3 Be7 13. Qe1 O-O 14. Nc3 Qd8 15. e4 dxe4 16. Qxe4 g6 17. Rac1 f5 18. exf6 Bxf6 19. b5 Ne7 20. Qxb7 Qb6 21. Qxb6 axb6 22. Ne4 Bg7 23. Ne5 Rxf1+ 24. Rxf1 Be8 25. Nf6+ Kh8 26. Bc4 Nd5 27. Bxd5 exd5 28. a4 Ra8 29. Nxd5 Rxa4 30. Nc7 Rxd4 31. Nxe8 Rd5 32. Nf7+ Kg8 33. Nfd6 Bd4+ 34. Kh1 Be5 35. Nc8 Rd7 36. g4 Rf7 37. Rxf7 Kxf7 38. Ned6+ Ke6 39. Nc4 Bc7 40. N8xb6 h5 41. h3 Bd8 42. Kg2 Bc7 43. Kf3 Bd8 44. Ke4 Bc7 45. Nd5 Bb8 46. b6 hxg4 47. hxg4 g5 48. Nb4 1-0

[Event "BAN-chT Golden Jubilee 2021-22"]
[Site "Dhaka"]
[Date "2022.03.12"]
[Round "3.9"]
[White "Shawket Bin, Osman Shaon"]
[Black "Islam, Khandaker Aminul"]
[Result "1/2-1/2"]
[ECO "E20"]
[WhiteElo "2065"]
[BlackElo "2153"]
[Annotator "ChessBase"]
[PlyCount "95"]
[EventDate "2022.03.10"]
[EventType "team-tourn"]
[EventCountry "BAN"]
[SourceTitle "playchess.com"]
[Source "ChessBase"]
[SourceQuality "1"]
[TimeControl "40/5400+30:1800+30"]

1. d4 Nf6 2. c4 e6 3. Nc3 Bb4 4. f3 c5 5. d5 d6 6. e4 O-O 7. Bd2 Re8 8. Kf2 Na6 9. Nge2 Nc7 10. Nf4 Ba5 11. Be2 a6 12. Qc2 exd5 13. exd5 b5 14. b3 Qe7 15. Bd3 Bxc3 16. Qxc3 Nd7 17. Rae1 Qh4+ 18. g3 Qd8 19. Qc2 Nf8 20. Bc3 b4 21. Bb2 g6 22. h4 Ra7 23. Ba1 f6 24. g4 Rxe1 25. Rxe1 Ne8 26. h5 g5 27. Ng2 Re7 28. Ne3 a5 29. Bf5 Bxf5 30. Nxf5 Rxe1 31. Kxe1 Nd7 32. Nh6+ Kg7 33. Nf5+ Kg8 34. Qe4 Ne5 35. Nh6+ Kg7 36. Nf5+ Kg8 37. Bxe5 fxe5 38. Ng3 Qf6 39. Qf5 Qxf5 40. Nxf5 Kf7 41. Ke2 Kf8 42. Ke3 Kf7 43. h6 Kg6 44. Ke4 Nf6+ 45. Ke3 Ne8 46. Ke4 Nf6+ 47. Ke3 Ne8 48. Ke4 1/2-1/2

[Event "BAN-chT Golden Jubilee 2021-22"]
[Site "Dhaka"]
[Date "2022.03.12"]
[Round "3.17"]
[White "Hossain, Showkat Pollab"]
[Black "Rahman, Syed Mahfuzur"]
[Result "0-1"]
[ECO "B73"]
[WhiteElo "2037"]
[BlackElo "2099"]
[Annotator "RC"]
[PlyCount "56"]
[EventDate "2022.03.10"]
[EventType "team-tourn"]
[EventCountry "BAN"]
[SourceTitle "playchess.com"]
[Source "ChessBase"]
[SourceQuality "1"]
[TimeControl "40/5400+30:1800+30"]

1. e4 d6 2. d4 Nf6 3. Nc3 g6 4. h3 Bg7 5. Nf3 O-O 6. Be2 c5 7. Be3 cxd4 8. Nxd4 Nc6 9. O-O Bd7 10. Nb3 a6 11. a4 Rc8 12. Nd2 Be6 13. Nf3 d5 14. exd5 Nxd5 15. Nxd5 Bxd5 16. c3 e5 17. c4 Be6 18. Ng5 Bf5 19. Qxd8 Rfxd8 20. Bf3 h6 21. Ne4 Nd4 22. Bxd4 Rxd4 23. Nc3 e4 24. g4 exf3 25. gxf5 Rc6 26. c5 Rxc5 27. fxg6 Rcc4 28. gxf7+ Kxf7 0-1

[Event "BAN-chT Golden Jubilee 2021-22"]
[Site "Dhaka"]
[Date "2022.03.13"]
[Round "4.12"]
[White "Bhuiyan, Golam Mostafa"]
[Black "Asif, Mahmud"]
[Result "1/2-1/2"]
[ECO "D85"]
[WhiteElo "2104"]
[BlackElo "1928"]
[Annotator "NA"]
[PlyCount "90"]
[EventDate "2022.03.10"]
[EventType "team-tourn"]
[EventCountry "BAN"]
[SourceTitle "playchess.com"]
[Source "ChessBase"]
[SourceQuality "1"]
[TimeControl "40/5400+30:1800+30"]

1. d4 Nf6 2. c4 g6 3. Nc3 d5 4. cxd5 Nxd5 5. e4 Nxc3 6. bxc3 Bg7 7. a4 c5 8. Bb5+ Nc6 9. Ne2 cxd4 10. cxd4 O-O 11. Be3 Qa5+ 12. Bd2 Qb6 13. Be3 Qa5+ 14. Bd2 Qb6 15. Bc3 Rd8 16. d5 e6 17. Bxg7 Kxg7 18. O-O exd5 19. exd5 Ne7 20. Nf4 Nxd5 21. Nxd5 Qc5 22. Rc1 Qxd5 23. Qxd5 Rxd5 24. Rc7 a6 25. Bc4 Rd7 26. Rc5 Re7 27. Bd5 Bf5 28. h3 h5 29. Rfc1 Rd8 30. Bf3 Rdd7 31. a5 Be4 32. R5c3 Bxf3 33. Rxf3 Rd5 34. Ra1 Ree5 35. Rfa3 Rb5 36. h4 Rb2 37. Rf3 Ree2 38. Rd1 Red2 39. Rc1 Rd6 40. Rfc3 Rf6 41. R3c2 Rxc2 42. Rxc2 Rf5 43. Rc7 Rb5 44. Kh2 Kf6 45. f3 Ke5 1/2-1/2

[Event "BAN-chT Golden Jubilee 2021-22"]
[Site "Dhaka"]
[Date "2022.03.13"]
[Round "4.20"]
[White "Chatterjee, Debaraj"]
[Black "Anata, Choudhury"]
[Result "1/2-1/2"]
[ECO "E11"]
[WhiteElo "2196"]
[BlackElo "2170"]
[Annotator "ChessBase"]
[PlyCount "111"]
[EventDate "2022.03.10"]
[EventType "team-tourn"]
[EventCountry "BAN"]
[SourceTitle "playchess.com"]
[Source "ChessBase"]
[SourceQuality "1"]
[TimeControl "40/5400+30:1800+30"]

1. d4 Nf6 2. c4 e6 3. Nf3 d5 4. g3 Bb4+ 5. Bd2 a5 6. Bg2 O-O 7. O-O dxc4 8. Qc2 b5 9. a4 c6 10. axb5 Bxd2 11. Nfxd2 Nd5 12. Na3 cxb5 13. Nxb5 Ba6 14. Nc3 Nc6 15. e3 Rb8 16. Rfb1 Rb4 17. Na2 Bb5 18. Nxb4 Ncxb4 19. Qc1 Nd3 20. Qd1 c3 21. Ne4 Nxb2 22. Qb3 Bc4 23. Qa3 Bd3 24. Rc1 Nc4 25. Qa4 c2 26. Rxc2 Ncb6 27. Qb3 Bxc2 28. Qxc2 a4 29. Nc5 Qc7 30. Qb1 Rd8 31. Bxd5 Rxd5 32. Nxa4 Nxa4 33. Rxa4 g6 34. Rb4 Kg7 35. Rb7 Qc3 36. Rb3 Qd2 37. Rb2 Qa5 38. Qc1 Qa8 39. Rb1 Ra5 40. Qc3 Ra3 41. Qc7 Qe4 42. Qb7 Qf5 43. Kg2 Ra2 44. Rb2 Ra1 45. e4 Qg4 46. f3 Qg5 47. Qc7 Rc1 48. Rc2 Rd1 49. Qc3 Qb5 50. d5+ Kh6 51. Rf2 exd5 52. Qe5 Qd7 53. g4 dxe4 54. Qxe4 Qd4 55. Qxd4 Rxd4 56. Kg3 1/2-1/2

[Event "BAN-chT Golden Jubilee 2021-22"]
[Site "Dhaka"]
[Date "2022.03.13"]
[Round "4.21"]
[White "Manon, Reja Neer"]
[Black "Mohammed Abdul, Malek"]
[Result "1-0"]
[ECO "D78"]
[WhiteElo "2209"]
[BlackElo "2148"]
[Annotator "ChessBase"]
[PlyCount "53"]
[EventDate "2022.03.10"]
[EventType "team-tourn"]
[EventCountry "BAN"]
[SourceTitle "playchess.com"]
[Source "ChessBase"]
[SourceQuality "1"]
[TimeControl "40/5400+30:1800+30"]

1. Nf3 d5 2. g3 Nf6 3. Bg2 g6 4. d4 Bg7 5. c4 c6 6. Nc3 O-O 7. O-O b6 8. Bf4 Bb7 9. Qb3 dxc4 10. Qxc4 Nd5 11. Qb3 Nxf4 12. gxf4 Qd6 13. e3 Nd7 14. Ne5 Nf6 15. Nb5 cxb5 16. Bxb7 Rab8 17. Bg2 a6 18. Rac1 Rbd8 19. Rc6 Qb8 20. Rfc1 e6 21. Qa3 a5 22. Qd3 b4 23. Qa6 Nd5 24. Nd3 Bxd4 25. exd4 Nxf4 26. Rxb6 Ne2+ 27. Kh1 1-0

[Event "BAN-chT Golden Jubilee 2021-22"]
[Site "Dhaka"]
[Date "2022.03.14"]
[Round "5.3"]
[White "Himanshu, Sharma"]
[Black "Hossain, Enamul"]
[Result "0-1"]
[ECO "B24"]
[WhiteElo "2391"]
[BlackElo "2410"]
[Annotator "ChessBase"]
[PlyCount "98"]
[EventDate "2022.03.10"]
[EventType "team-tourn"]
[EventCountry "BAN"]
[SourceTitle "playchess.com"]
[Source "ChessBase"]
[SourceQuality "1"]
[TimeControl "40/5400+30:1800+30"]

1. e4 c5 2. Nc3 e6 3. Nge2 Nc6 4. g3 d5 5. exd5 exd5 6. Bg2 Nf6 7. d4 cxd4 8. Nxd4 Bg4 9. f3 Bd7 10. Be3 Be7 11. O-O O-O 12. Kh1 Re8 13. Re1 Bb4 14. Nxc6 bxc6 15. Qd3 h6 16. a3 Bf8 17. Bd4 Rb8 18. b3 a5 19. Na4 Rxe1+ 20. Rxe1 Bxa3 21. Nc5 Bxc5 22. Bxc5 Be6 23. Qc3 Nd7 24. Bd6 Ra8 25. Bf1 Qb6 26. g4 c5 27. Bg3 d4 28. Qd3 a4 29. Qe4 Rc8 30. bxa4 Nf6 31. Qe2 Qc6 32. Bg2 Qxa4 33. h4 Nd5 34. Qe4 Qd7 35. Qd3 Ne3 36. Bf4 c4 37. Qe2 Nxg2 38. Kxg2 d3 39. Qd2 Qc6 40. Kg3 Rd8 41. Qc3 Bc8 42. Re4 Bb7 43. Be3 Qd6+ 44. Bf4 d2 45. Bxd6 d1=Q 46. Bc7 Qg1+ 47. Kh3 Rd1 48. Re8+ Kh7 49. Re3 Qf2 0-1

[Event "BAN-chT Golden Jubilee 2021-22"]
[Site "Dhaka"]
[Date "2022.03.14"]
[Round "5.4"]
[White "Reefat, Bin-Sattar"]
[Black "Saiful Islam, Chowdhury"]
[Result "1-0"]
[ECO "B45"]
[WhiteElo "2371"]
[BlackElo "2075"]
[Annotator "ChessBase"]
[PlyCount "65"]
[EventDate "2022.03.10"]
[EventType "team-tourn"]
[EventCountry "BAN"]
[SourceTitle "playchess.com"]
[Source "ChessBase"]
[SourceQuality "1"]
[TimeControl "40/5400+30:1800+30"]

1. e4 c5 2. Nf3 Nc6 3. Nc3 e6 4. d4 cxd4 5. Nxd4 Nf6 6. Nxc6 bxc6 7. Qf3 Qa5 8. Bd2 Bb4 9. a3 Bf8 10. g4 Qb6 11. g5 Ng8 12. Na4 Qc7 13. Qg3 d6 14. c4 c5 15. b4 Ne7 16. bxc5 Qc6 17. Nc3 Qxc5 18. Nb5 Ng6 19. Bb4 Qc6 20. O-O-O e5 21. Bxd6 a6 22. Nc7+ Kd7 23. Bxe5+ Ke7 24. Bd6+ Kd8 25. Bxf8+ Bd7 26. Nxa8 Rxf8 27. Qb8+ Ke7 28. Qb4+ Ke8 29. Rd6 Qxa8 30. Be2 Qxe4 31. Qb8+ Ke7 32. Rxd7+ Kxd7 33. Rd1+ 1-0

[Event "BAN-chT Golden Jubilee 2021-22"]
[Site "Dhaka"]
[Date "2022.03.14"]
[Round "5.5"]
[White "S M Sharon"]
[Black "Manon, Reja Neer"]
[Result "1/2-1/2"]
[ECO "B23"]
[WhiteElo "2087"]
[BlackElo "2209"]
[Annotator "ChessBase"]
[PlyCount "87"]
[EventDate "2022.03.10"]
[EventType "team-tourn"]
[EventCountry "BAN"]
[SourceTitle "playchess.com"]
[Source "ChessBase"]
[SourceQuality "1"]
[TimeControl "40/5400+30:1800+30"]

1. e4 c5 2. Nc3 d6 3. f4 Nc6 4. Nf3 g6 5. d4 cxd4 6. Nxd4 Bg7 7. Be3 Nf6 8. Qd2 O-O 9. h3 Nxd4 10. Bxd4 e5 11. fxe5 dxe5 12. Bc5 Qxd2+ 13. Kxd2 Rd8+ 14. Bd3 Be6 15. Rhd1 Bf8 16. Bxf8 Kxf8 17. Ke3 Rac8 18. Be2 Ke7 19. Rxd8 Rxd8 20. Rd1 Rxd1 21. Bxd1 h5 22. h4 Kd6 23. b4 a6 24. Be2 Nd7 25. Nd5 Bxd5 26. exd5 b5 27. c4 bxc4 28. Bxc4 Nb6 29. Bxa6 Nxd5+ 30. Kd2 Nxb4 31. Bc4 Nd5 32. a4 f6 33. a5 Kc5 34. Bf1 g5 35. hxg5 fxg5 36. g3 Ne7 37. Ke3 Nf5+ 38. Kf3 e4+ 39. Kf2 e3+ 40. Kf3 g4+ 41. Kf4 h4 42. gxh4 g3 43. Kf3 g2 44. Ke4 1/2-1/2

[Event "BAN-chT Golden Jubilee 2021-22"]
[Site "Dhaka"]
[Date "2022.03.14"]
[Round "5.6"]
[White "Bharath Subramaniyam H"]
[Black "Aditya Mittal"]
[Result "1/2-1/2"]
[ECO "B53"]
[WhiteElo "2508"]
[BlackElo "2487"]
[Annotator "ChessBase"]
[PlyCount "158"]
[EventDate "2022.03.10"]
[EventType "team-tourn"]
[EventCountry "BAN"]
[SourceTitle "playchess.com"]
[Source "ChessBase"]
[SourceQuality "1"]
[TimeControl "40/5400+30:1800+30"]

1. e4 c5 2. Nf3 d6 3. d4 cxd4 4. Qxd4 Nf6 5. Be2 Nc6 6. Qe3 g6 7. O-O Bg7 8. c4 O-O 9. Nc3 Bg4 10. Rb1 Nd7 11. b3 Qb6 12. Qd2 Bxf3 13. Bxf3 Qd4 14. Nd5 Nde5 15. Qe2 Qc5 16. Be3 Qa5 17. a4 e6 18. Nf4 Nd4 19. Bxd4 Nxf3+ 20. Qxf3 Bxd4 21. Rfd1 Be5 22. Nd3 Bg7 23. e5 dxe5 24. Qxb7 Rab8 25. Qe4 Rfd8 26. Qe2 Rd4 27. Ne1 Rxd1 28. Qxd1 e4 29. Nc2 Qc3 30. Ne3 Bd4 31. Qc2 Qd3 32. Rd1 Qxc2 33. Nxc2 Bc5 34. Na1 e5 35. Kf1 f5 36. Ke2 a5 37. Rd5 Bd4 38. Nc2 Rxb3 39. Nxd4 exd4 40. Rxd4 Rb4 41. Rd5 Rxa4 42. c5 Rc4 43. c6 a4 44. Ra5 Kf7 45. c7 Rxc7 46. Rxa4 Kf6 47. h4 Kg7 48. Ke3 Kh6 49. f3 Kh5 50. fxe4 Re7 51. e5 Rxe5+ 52. Kf3 Re4 53. Ra7 h6 54. g3 Rb4 55. Ra5 Rb3+ 56. Kg2 Re3 57. Kf2 Rc3 58. Kg2 Rb3 59. Rc5 Ra3 60. Rb5 g5 61. hxg5 hxg5 62. Rxf5 Kg4 63. Rb5 Rxg3+ 64. Kh1 Ra3 65. Kg2 Ra2+ 66. Kg1 Kh4 67. Rb4+ g4 68. Rb3 Re2 69. Ra3 Kg5 70. Ra5+ Kf4 71. Ra4+ Kf3 72. Ra3+ Re3 73. Rxe3+ Kxe3 74. Kg2 Kf4 75. Kf2 g3+ 76. Kg2 Kg4 77. Kg1 Kh3 78. Kh1 g2+ 79. Kg1 Kg3 1/2-1/2

[Event "BAN-chT Golden Jubilee 2021-22"]
[Site "Dhaka"]
[Date "2022.03.14"]
[Round "5.7"]
[White "Pranav Vijay"]
[Black "Nitish Belurkar"]
[Result "1-0"]
[ECO "C19"]
[WhiteElo "2265"]
[BlackElo "2447"]
[Annotator "ChessBase"]
[PlyCount "105"]
[EventDate "2022.03.10"]
[EventType "team-tourn"]
[EventCountry "BAN"]
[SourceTitle "playchess.com"]
[Source "ChessBase"]
[SourceQuality "1"]
[TimeControl "40/5400+30:1800+30"]

1. e4 e6 2. d4 d5 3. Nc3 Bb4 4. e5 c5 5. a3 Bxc3+ 6. bxc3 Ne7 7. h4 Qc7 8. h5 h6 9. Nf3 b6 10. Bb5+ Bd7 11. Bd3 Ba4 12. Rh4 c4 13. Bf1 Nd7 14. g3 O-O-O 15. Bh3 Kb7 16. Rf4 Rdf8 17. Kf1 Qc6 18. Qe2 Qc8 19. Ra2 Qe8 20. Nh4 g5 21. hxg6 fxg6 22. Rxf8 Nxf8 23. Bg4 Qf7 24. Rb2 a5 25. Bf3 Ka7 26. Kg1 Nd7 27. Ng2 Nf5 28. Nf4 Re8 29. Rb1 Nf8 30. Ng2 Nd7 31. g4 Ng7 32. Bxh6 Rf8 33. Nf4 g5 34. Bxg7 Qxf4 35. Bxf8 Nxf8 36. Qe3 Qf7 37. Bg2 Qe7 38. f4 Bxc2 39. Ra1 Bd3 40. fxg5 a4 41. Bf1 Be4 42. Ra2 Nh7 43. Bxc4 Nxg5 44. Be2 Qg7 45. Bd1 b5 46. Rb2 Qe7 47. c4 dxc4 48. d5+ Ka6 49. d6 Qg7 50. Qc5 Qd7 51. Bxa4 Bc6 52. Bxb5+ Bxb5 53. a4 1-0

[Event "BAN-chT Golden Jubilee 2021-22"]
[Site "Dhaka"]
[Date "2022.03.14"]
[Round "5.8"]
[White "Ikramul, Haq Siam"]
[Black "Chatterjee, Debaraj"]
[Result "1/2-1/2"]
[ECO "A43"]
[WhiteElo "2075"]
[BlackElo "2196"]
[Annotator "NA"]
[PlyCount "60"]
[EventDate "2022.03.10"]
[EventType "team-tourn"]
[EventCountry "BAN"]
[SourceTitle "playchess.com"]
[Source "ChessBase"]
[SourceQuality "1"]
[TimeControl "40/5400+30:1800+30"]

1. d4 c5 2. d5 d6 3. e4 Nf6 4. Nc3 g6 5. Bb5+ Nbd7 6. a4 Bg7 7. Nf3 O-O 8. O-O a6 9. Bd3 Rb8 10. Re1 Nh5 11. g4 Nhf6 $1 12. h3 h5 13. g5 Ne8 14. Bf1 Nc7 15. a5 b5 16. axb6 Rxb6 17. Bg2 Rb8 18. Nd2 Nb5 $14 19. Na4 e6 20. Nc4 exd5 21. exd5 Re8 22. Rxe8+ Qxe8 23. c3 Ne5 24. Nab6 Nxc4 25. Nxc4 Bb7 26. Bf4 Qd7 27. Qd3 Re8 28. Qg3 Bf8 29. Qd3 Bg7 30. Qg3 Bf8 1/2-1/2

[Event "BAN-chT Golden Jubilee 2021-22"]
[Site "Dhaka"]
[Date "2022.03.14"]
[Round "5.9"]
[White "Mehdi Hasan Parag"]
[Black "Sadnan Hasan, Dihan"]
[Result "1/2-1/2"]
[ECO "C55"]
[WhiteElo "2258"]
[BlackElo "2152"]
[Annotator "ChessBase"]
[PlyCount "118"]
[EventDate "2022.03.10"]
[EventType "team-tourn"]
[EventCountry "BAN"]
[SourceTitle "playchess.com"]
[Source "ChessBase"]
[SourceQuality "1"]
[TimeControl "40/5400+30:1800+30"]

1. e4 e5 2. Nf3 Nc6 3. Bc4 Be7 4. O-O Nf6 5. d3 O-O 6. a4 d6 7. Re1 Be6 8. Nc3 Bg4 9. h3 Bxf3 10. Qxf3 Nd4 11. Qd1 c6 12. Ne2 Nxe2+ 13. Qxe2 Re8 14. Bb3 Bf8 15. Bg5 h6 16. Bh4 g5 17. Bg3 Nd7 18. Qh5 Qf6 19. h4 Nc5 20. hxg5 hxg5 21. Ba2 Ne6 22. Re3 Qh6 23. Qg4 Be7 24. Bh2 Kg7 25. Rae1 Rh8 26. Rh3 Qg6 27. Bxe6 Qxe6 28. Qxe6 fxe6 29. Rxh8 Rxh8 30. f3 Bd8 31. g4 Ba5 32. c3 Rc8 33. Kg2 c5 34. Bg1 a6 35. Be3 Bd8 36. Rh1 Bf6 37. Kf2 Rb8 38. Ke2 Rh8 39. Rxh8 Kxh8 40. Kd2 Kg7 41. Kc2 Kf7 42. Kb3 Ke7 43. Kc4 Kd7 44. b4 b6 45. b5 a5 46. Bd2 Kc7 47. Be1 Kd7 48. Bg3 Ke7 49. Bh2 Kd7 50. Bg1 Kc7 51. Be3 Kd7 52. Bd2 Kc7 53. Be3 Kd7 54. d4 exd4 55. cxd4 cxd4 56. Bd2 e5 57. Kd5 Bd8 58. Bc1 Bf6 59. Bb2 Bd8 1/2-1/2

[Event "BAN-chT Golden Jubilee 2021-22"]
[Site "Dhaka"]
[Date "2022.03.14"]
[Round "5.12"]
[White "Sultana, Sharmin Shirin"]
[Black "Mohammad Fahad, Rahman"]
[Result "0-1"]
[ECO "D37"]
[WhiteElo "1998"]
[BlackElo "2409"]
[Annotator "ChessBase"]
[PlyCount "76"]
[EventDate "2022.03.10"]
[EventType "team-tourn"]
[EventCountry "BAN"]
[SourceTitle "playchess.com"]
[Source "ChessBase"]
[SourceQuality "1"]
[TimeControl "40/5400+30:1800+30"]

1. d4 d5 2. Nf3 Nf6 3. c4 e6 4. Nc3 a6 5. cxd5 exd5 6. Bg5 c6 7. e3 Be6 8. Bd3 Nbd7 9. Qc2 Bd6 10. O-O Qc7 11. e4 dxe4 12. Nxe4 Nxe4 13. Bxe4 h6 14. Bh4 O-O 15. Rfd1 Nb6 16. Bg3 Bxg3 17. hxg3 Rad8 18. Qc5 Nd7 19. Qa3 Nf6 20. Bc2 Rd6 21. b4 Rfd8 22. Rd2 Bg4 23. Rad1 Qb6 24. Qb2 Qb5 25. a4 Qh5 26. Qa3 Rd5 27. Qe3 Re8 28. Qf4 g5 29. Qc7 Rd7 30. Qb6 Bxf3 31. gxf3 Rde7 32. Rf1 Qxf3 33. Qc5 Nd5 34. Rd3 Qg4 35. Bd1 Qf5 36. Rf3 Qh3 37. Bb3 Nf4 38. Rxf4 gxf4 0-1

[Event "BAN-chT Golden Jubilee 2021-22"]
[Site "Dhaka"]
[Date "2022.03.14"]
[Round "5.13"]
[White "Ghosh, Diptayan"]
[Black "Islam, Khandaker Aminul"]
[Result "1-0"]
[ECO "E05"]
[WhiteElo "2541"]
[BlackElo "2153"]
[Annotator "RC"]
[PlyCount "81"]
[EventDate "2022.03.10"]
[EventType "team-tourn"]
[EventCountry "BAN"]
[SourceTitle "playchess.com"]
[Source "ChessBase"]
[SourceQuality "1"]
[TimeControl "40/5400+30:1800+30"]

1. d4 Nf6 2. c4 e6 3. Nf3 d5 4. g3 Be7 5. Bg2 O-O 6. O-O dxc4 7. Qc2 b5 8. a4 b4 9. Nbd2 Bb7 10. Nxc4 Be4 11. Qb3 c5 12. Rd1 Nbd7 13. Be3 Nd5 14. dxc5 Nxc5 15. Bxc5 Bxc5 16. Nfe5 Bxg2 17. Kxg2 Qc7 18. Rac1 Qb7 19. Qf3 Rac8 20. Na5 Qa6 21. Nb3 Be7 22. Rxc8 Qxc8 23. Rc1 Qa6 24. e4 Nf6 25. Nc6 Re8 26. Nbd4 Bf8 27. b3 Nd7 28. Nb5 Qb6 29. Nbxa7 Nc5 30. Qe3 Ra8 31. a5 Qb7 32. Rxc5 Bxc5 33. Qxc5 h6 34. Qb6 Qd7 35. Qxb4 Qd3 36. Qc4 Qd1 37. b4 g5 38. b5 g4 39. Qc3 h5 40. b6 Re8 41. Qe3 1-0

[Event "BAN-chT Golden Jubilee 2021-22"]
[Site "Dhaka"]
[Date "2022.03.14"]
[Round "5.16"]
[White "Subrota, Biswas"]
[Black "Bhuiyan, Golam Mostafa"]
[Result "1-0"]
[ECO "B98"]
[WhiteElo "2202"]
[BlackElo "2104"]
[Annotator "ChessBase"]
[PlyCount "97"]
[EventDate "2022.03.10"]
[EventType "team-tourn"]
[EventCountry "BAN"]
[SourceTitle "playchess.com"]
[Source "ChessBase"]
[SourceQuality "1"]
[TimeControl "40/5400+30:1800+30"]

1. e4 c5 2. Nf3 d6 3. d4 cxd4 4. Nxd4 Nf6 5. Nc3 a6 6. Bg5 e6 7. f4 h6 8. Bh4 Be7 9. Qf3 Qc7 10. O-O-O Nc6 11. Nxc6 bxc6 12. g4 Rb8 13. Bg2 e5 14. f5 Qb6 15. b3 Qb4 16. Kb2 Bb7 17. Be1 d5 18. Qg3 d4 19. Na4 Qa3+ 20. Ka1 Nd7 21. Nb2 a5 22. Bf1 a4 23. Nc4 Qc5 24. b4 Qa7 25. Bd3 f6 26. Bd2 Ba6 27. Rb1 c5 28. b5 Bb7 29. h4 Nb6 30. Rhe1 Nxc4 31. Bxc4 Qa8 32. Qg2 Rd8 33. Be6 Rd6 34. g5 hxg5 35. hxg5 Kd8 36. gxf6 Bxf6 37. b6 Ke7 38. Bg5 Qf8 39. Rg1 Rh7 40. Rb5 Rxe6 41. fxe6 Kxe6 42. Bxf6 gxf6 43. Qe2 Kd6 44. Qc4 Kc6 45. Qxa4 Kd6 46. Qc4 Kc6 47. Rg6 d3 48. Rxc5+ Kxb6 49. Qb4+ 1-0

[Event "BAN-chT Golden Jubilee 2021-22"]
[Site "Dhaka"]
[Date "2022.03.14"]
[Round "5.17"]
[White "Abu Sufian, Shakil"]
[Black "abzid, Rahman"]
[Result "1-0"]
[ECO "B01"]
[WhiteElo "2232"]
[BlackElo "2106"]
[Annotator "ChessBase"]
[PlyCount "29"]
[EventDate "2022.03.10"]
[EventType "team-tourn"]
[EventCountry "BAN"]
[SourceTitle "playchess.com"]
[Source "ChessBase"]
[SourceQuality "1"]
[TimeControl "40/5400+30:1800+30"]

1. e4 d5 2. exd5 Qxd5 3. Nc3 Qd6 4. d4 Nf6 5. Nf3 c6 6. Ne5 Nbd7 7. Bf4 Nxe5 8. dxe5 Qxd1+ 9. Rxd1 Nh5 10. Be3 g6 11. Nb5 cxb5 12. Bxb5+ Bd7 13. Bxd7+ Kd8 14. Ba4+ Kc8 15. O-O 1-0

[Event "BAN-chT Golden Jubilee 2021-22"]
[Site "Dhaka"]
[Date "2022.03.14"]
[Round "5.18"]
[White "Srijit Paul"]
[Black "Zia, Tahsin Tajwar"]
[Result "1/2-1/2"]
[ECO "B15"]
[WhiteElo "2419"]
[BlackElo "2283"]
[Annotator "ChessBase"]
[PlyCount "71"]
[EventDate "2022.03.10"]
[EventType "team-tourn"]
[EventCountry "BAN"]
[SourceTitle "playchess.com"]
[Source "ChessBase"]
[SourceQuality "1"]
[TimeControl "40/5400+30:1800+30"]

1. e4 c6 2. d4 d5 3. Nc3 dxe4 4. Nxe4 Nf6 5. Nxf6+ exf6 6. c3 Bd6 7. Bd3 O-O 8. Ne2 Re8 9. O-O Nd7 10. Ng3 Nf8 11. Be3 Be6 12. Qd2 g6 13. Rfe1 f5 14. Bg5 Be7 15. Bxe7 Qxe7 16. Qf4 Rad8 17. h4 Nd7 18. Re2 Nb6 19. Qh6 Qf8 20. Qd2 Qe7 21. h5 Qh4 22. Rae1 Nd5 23. Re5 Nf6 24. Be2 c5 25. Bb5 Ng4 26. Nf1 Nxe5 27. Rxe5 Re7 28. hxg6 hxg6 29. Rxc5 a6 30. Bd3 Kg7 31. b3 Rh8 32. f3 Bd7 33. Rc7 Qh1+ 34. Kf2 Qh4+ 35. Kg1 Qh1+ 36. Kf2 1/2-1/2

[Event "BAN-chT Golden Jubilee 2021-22"]
[Site "Dhaka"]
[Date "2022.03.14"]
[Round "5.20"]
[White "Aronyak Ghosh"]
[Black "Mitrabha, Guha"]
[Result "1/2-1/2"]
[ECO "D14"]
[WhiteElo "2482"]
[BlackElo "2510"]
[Annotator "ChessBase"]
[PlyCount "55"]
[EventDate "2022.03.10"]
[EventType "team-tourn"]
[EventCountry "BAN"]
[SourceTitle "playchess.com"]
[Source "ChessBase"]
[SourceQuality "1"]
[TimeControl "40/5400+30:1800+30"]

1. c4 c6 2. d4 d5 3. cxd5 cxd5 4. Nc3 Nf6 5. Nf3 Nc6 6. Bf4 Bf5 7. e3 e6 8. Bd3 Bxd3 9. Qxd3 Bd6 10. Bxd6 Qxd6 11. O-O O-O 12. Rfc1 Rfc8 13. Ne2 Ne7 14. h3 h6 15. Rxc8+ Rxc8 16. Rc1 Rxc1+ 17. Nxc1 Qc7 18. Ne2 Kf8 19. Qc3 Qxc3 20. Nxc3 Nc6 21. Kf1 Ke7 22. Ke2 Ne8 23. Ne1 Nd6 24. Nd3 Kd7 25. Nc5+ Kc7 26. Nd3 Kc8 27. Kd1 Nc4 28. Kc2 1/2-1/2